 Dungeon Crawl Stone Soup version 0.29-a0-819-g94b489e0ae (webtiles) character file.

Game seed: 8169475595990478200

3032 Morbidden the Tainter (level 9, 0/71 (78) HPs)
             Began as a Naga Venom Mage on July 6, 2022.
             Was a Follower of Cheibriados.
             Slain by a wight
             ... wielding a +2 battleaxe
              (12 damage)
             ... on level 7 of the Dungeon.
             The game lasted 00:14:14 (8956 turns).

Morbidden the Tainter (Naga Venom Mage)             Turns: 8956, Time: 00:14:15

HP:   0/71 (78)     AC:  6    Str: 13    XL:     9   Next: 86%
MP:   18/18         EV: 15    Int: 23    God:    Cheibriados [*.....]
Gold: 152           SH:  0    Dex: 15    Spells: 10/20 levels left

rFire   . . .      SeeInvis +   a - +2 dagger (venom)
rCold   . . .      Faith    .   (no shield)
rNeg    . . .      Spirit   .   n - +0 robe
rPois   +          Reflect  .   (no helmet)
rElec   .          Harm     .   (no cloak)
rCorr   .          Rampage  .   v - +1 pair of gloves
Will    +....                   (no barding)
Stlth   +++.......              E - amulet of magic regeneration
HPRegen 0.21/turn               c - +4 ring of evasion
MPRegen 0.56/turn               (no ring)

@: drained, very slow
A: AC +3, large, see invisible, deformed body, poison resistance, slowness 2,
spit poison 1, naga tail 1
a: Spit Poison, Renounce Religion, Bend Time


You were on level 7 of the Dungeon.
You worshipped Cheibriados.
Cheibriados was aware of your devotion.
You visited 2 branches of the dungeon, and saw 9 of its levels.

You collected 339 gold pieces.
You spent 187 gold pieces at shops.

Inventory:

Hand Weapons
 a - a +2 dagger of venom (weapon)
 m - a +0 broad axe
Missiles
 i - 6 curare-tipped darts
 A - a throwing net
 C - 2 poisoned darts
Armour
 l - a +0 plate armour
 n - a +0 robe (worn)
 v - a +1 pair of gloves (worn)
Magical Staves
 b - a staff of poison
Jewellery
 c - a +4 ring of evasion (left hand)
 E - an amulet of magic regeneration (around neck)
Wands
 k - a wand of light (9)
 t - a wand of mindburst (9)
 y - a wand of digging (9)
Scrolls
 g - 3 scrolls of magic mapping
 j - a scroll of enchant weapon {unknown}
 u - a scroll of silence {unknown}
 w - a scroll of amnesia {unknown}
 x - a scroll of immolation {unknown}
 z - 6 scrolls of identify
 B - 2 scrolls of teleportation {unknown}
Potions
 d - 4 potions of curing
 e - a potion of degeneration {unknown}
 f - a potion of brilliance {unknown}
 h - 4 potions of berserk rage {unknown}
 o - a potion of magic
 p - a potion of ambrosia {unknown}
 q - 2 potions of mutation {unknown}
 r - a potion of cancellation {unknown}
 s - 4 potions of heal wounds {unknown}
 D - a potion of lignification {unknown}
 F - 2 potions of haste {unknown}


   Skills:
 * Level 4.2 Fighting
 * Level 2.5 Short Blades
 + Level 2.0 Axes
 + Level 0.1 Staves
 * Level 4.0 Dodging
 + Level 4.3 Stealth
 * Level 6.4 Spellcasting
 * Level 4.0 Transmutations
 * Level 2.8 Fire Magic
 + Level 2.3 Air Magic
 * Level 9.1 Poison Magic
 * Level 1.5 Invocations


You had 10 spell levels left.
You knew the following spells:

 Your Spells              Type           Power      Damage    Failure   Level
a - Sting                 Tmut/Pois      100%       1d8       1%          1
b - Poisonous Vapours     Pois/Air       66%        N/A       1%          2
x - Ignite Poison         Fire/Tmut/Pois 31%        N/A       2%          3
z - Olgreb's Toxic Radia  Pois           49%        N/A       1%          4

Your spell library contained the following spells:

 Spells                   Type           Power      Damage    Failure   Level
 Mephitic Cloud           Conj/Pois/Air  24%        N/A       4%          3
 Apportation              Tloc           14%        N/A       9%          1
 Magic Dart               Conj           28%        1d4       9%          1
 Necrotise                Necr           28%        1d5       9%          1
 Summon Small Mammal      Summ           28%        N/A       9%          1
 Searing Ray              Conj           14%        2d5       12%         2
 Dazzling Flash           Conj/Hex       14%        N/A       24%         3
 Fulminant Prism          Conj/Hex       3%         3d6       63%         4
 Silence                  Hex/Air        6%         N/A       80%         5
 Freezing Cloud           Conj/Ice/Air   5%         6-21      86%         5
 Agony                    Necr           7%         N/A       92%         5


Dungeon Overview and Level Annotations

Branches:
Dungeon (8/15)             Temple (1/1) D:6
   Lair: D:8-11

Altars:
Cheibriados
Dithmenos
Elyvilon
Gozag
Hepliaklqana
Kikubaaqudgha
Makhleb
Nemelex Xobeh
Okawaru
Qazlal
Sif Muna
Trog
Uskayaw
Vehumet
Wu Jian
Xom
Yredelemnul
The Shining One

Shops:
D:4 [   D:7 :?[=


Innate Abilities, Weirdness & Mutations

Your serpentine skin is tough. (AC +3)
You have supernaturally acute eyesight. (SInv)
Armour fits poorly on your strangely shaped body.
Your system is resistant to poisons. (rPois)
You cover ground very slowly.
You can spit poison.
You have a snake-like lower body.


Message History

The wight is severely damaged.
The wight hits you with a +2 battleaxe.
* * * LOW HITPOINT WARNING * * *
You feel drained.
* * * LOW HITPOINT WARNING * * *
Unknown command.
You closely miss the wight.
The wight is severely damaged.
The wight barely misses you.
Unknown command.
Aiming: Bolt of Light
Press: ? - help, Shift-Dir - straight line, f - wight
Aim: a wight, wielding a +2 battleaxe and wearing a +0 robe (severely damaged, 71% to hit)
The bolt of light misses the wight.
The wight closely misses you.
Unknown command.
Unknown command.
Unknown command.
Unknown command.
Aiming: Mindburst
Press: ? - help, Shift-Dir - straight line, f/p - wight
Aim: a wight, wielding a +2 battleaxe and wearing a +0 robe (severely damaged, chance to affect: 64%)
The wight struggles to resist.
The wight misses you.
Unknown command.
Unknown command.
Unknown command.
Aiming: Mindburst
Press: ? - help, Shift-Dir - straight line, f/p - wight
Aim: a wight, wielding a +2 battleaxe and wearing a +0 robe (severely damaged, chance to affect: 64%)
The wight struggles to resist.
The wight hits you with a +2 battleaxe.
* * * LOW HITPOINT WARNING * * *
You feel drained.
* * * LOW HITPOINT WARNING * * *
Unknown command.
Unknown command.
Unknown command.
Aiming: Mindburst
Press: ? - help, Shift-Dir - straight line, f/p - wight
Aim: a wight, wielding a +2 battleaxe and wearing a +0 robe (severely damaged, chance to affect: 64%)
The wight struggles to resist.
The wight hits you with a +2 battleaxe!
You die...

### # ##.# # #.∩### #### # #....#
##..### # ##.########.....# ##
#...###..#......# ######.
##...##.........####.##...
#........z...#...#.#.####.
#........@...##..#....##..
##....................#...
#####......).##..........#...
##...#.......###.......##...##
#....##.....## #.......###.###
###...###......###.......##....#
#.#.............##.........#####
##...................#######.....
#...........[.....#..#......≈≈≈≈≈


You could see a wight.

Vanquished Creatures
  A wyvern (D:7)
  A steam dragon (D:6)
  3 ice beasts
  An orc warrior (D:7)
  2 black bears (D:7)
  6 ogres
  3 centaurs
  2 phantoms (D:6)
  A kobold brigand (D:7)
  A bullfrog (D:6)
  A necrophage (D:5)
  2 scorpions
  7 howler monkeys
  2 electric eels (D:7)
  A jelly (D:5)
  4 hounds
  An orc priest (D:6)
  5 iguanas
  6 orc wizards
  10 adders
  2 shadow imps (D:6)
  2 white imps
  A worm (D:2)
  A dart slug (D:2)
  11 orcs
  6 endoplasms
  8 giant cockroaches
  9 goblins
  4 hobgoblins
  3 jackals (D:3)
  4 quokkas
  6 ball pythons
  7 bats
  4 frilled lizards
  15 kobolds
  7 rats
150 creatures vanquished.

Vanquished Creatures (others)
  7 plants (D:1)
7 creatures vanquished.

Grand Total: 157 creatures vanquished

Notes
Turn   | Place    | Note
-------+----------+-------------------------------------------
     0 | D:1      | Morbidden the Naga Venom Mage began the quest for the Orb.
     0 | D:1      | Reached XP level 1. HP: 15/15 MP: 3/3
   256 | D:1      | Reached XP level 2. HP: 22/22 MP: 1/5
   492 | D:1      | Learned a level 2 spell: Poisonous Vapours
   920 | D:1      | Reached XP level 3. HP: 25/28 MP: 6/6
  1691 | D:2      | Reached skill level 5 in Poison Magic
  1953 | D:2      | Reached XP level 4. HP: 37/37 MP: 7/7
  1957 | D:2      | Learned a level 3 spell: Ignite Poison
  2065 | D:2      | Found a faded altar of an unknown god.
  2900 | D:4      | Reached skill level 1 in Fighting
  2900 | D:4      | Reached XP level 5. HP: 44/44 MP: 9/9
  2916 | D:4      | Noticed an ogre
  2921 | D:4      | Killed an ogre
  2922 | D:4      | Reached skill level 1 in Axes
  3070 | D:4      | Reached XP level 6. HP: 9/51 MP: 4/10
  3492 | D:4      | Reached skill level 1 in Short Blades
  4105 | D:4      | Found Bekyewn's Antique Armour Shoppe.
  4116 | D:4      | Bought a pair of glowing gloves for 187 gold pieces
  4361 | D:4      | Learned a level 4 spell: Olgreb's Toxic Radiance
  4393 | D:5      | Entered Level 5 of the Dungeon
  4668 | D:5      | Reached XP level 7. HP: 48/60 MP: 9/11
  4832 | D:5      | Reached skill level 6 in Poison Magic
  5550 | D:5      | Reached XP level 8. HP: 59/68 MP: 6/14
  5636 | D:5      | Reached skill level 7 in Poison Magic
  6073 | D:5      | Reached skill level 1 in Air Magic
  6443 | D:6      | Reached skill level 5 in Spellcasting
  6443 | D:6      | Reached skill level 1 in Fire Magic
  6704 | D:6      | Reached skill level 8 in Poison Magic
  7071 | D:6      | Found a staircase to the Ecumenical Temple.
  7080 | D:6      | Reached XP level 9. HP: 69/76 MP: 13/16
  7096 | Temple   | Entered the Ecumenical Temple
  7236 | Temple   | Became a worshipper of Cheibriados the Contemplative
  7783 | D:7      | Found Cimmant's Magic Scroll Shop.
  8059 | D:7      | Reached * piety under Cheibriados
  8215 | D:7      | Reached skill level 1 in Invocations
  8324 | D:7      | Found Vamuxt's Book Shoppe.
  8400 | D:7      | Found Catouv's Jewellery Boutique.
  8616 | D:7      | Found Vixzied's Antique Armour Emporium.
  8639 | D:7      | Found a stormy altar of Qazlal.
  8651 | D:7      | Found a radiant altar of Vehumet.
  8712 | D:7      | Found a glowing golden altar of the Shining One.
  8720 | D:7      | Reached skill level 9 in Poison Magic
  8956 | D:7      | Slain by a wight

Illustrated notes

Levels and vault maps discovered:
D:1:      dpeg_arrival_tiny_i, layout_basic, minmay_misc_feat_pillars,
          grunt_decor_mini_mirrors, corexii_leaking_fountain, chequers_big_river
D:2:      layout_rooms, chequers_ecumenical_altar_simple_redux
D:3:      layout_basic, minmay_stone_trees_large
D:4:      layout_loops_ring, serial_shops, nicolae_lakefront_shop
D:5:      layout_basic
D:6:      layout_layer_cave, minmay_temple_entry_crystal_x, grunt_ministairs_2,
          kennysheep_generic_room_6
D:7:      layout_cave_pools, tso_altar, nicolae_overflow_squiral, serial_shops,
          shop, nicolae_shop_hallway_plus, nicolae_shop_stone, shop
D:8:      layout_cave_pools, zin_angel, gammafunk_temple_overflow_pools,
          minmay_lair_entry_grove, nicolae_figureground_sparkle, uniq_pikel
Temple:   nicolae_temple_superstar

Skill      XL: |  1  2  3  4  5  6  7  8  9 |
---------------+----------------------------+-----
Poison Magic   | 5 6 8 9 |  9.1
Dodging        | 2 3 4 |  4.0
Fighting       | 1 2 3 4 |  4.2
Axes           | 1 2 |  2.0
Short Blades   | 1 2 |  2.5
Transmutations | 2 3 4 |  4.0
Spellcasting   | 3 4 5 6 |  6.4
Stealth        | 4 |  4.3
Air Magic      | 1 2 |  2.3
Fire Magic     | 1 2 |  2.8
Invocations    | 1 |  1.5
Staves         | |  0.1

Action                   |  1- 3 |  4- 6 |  7- 9 || total
-------------------------+-------+-------+-------++-------
Melee: Unarmed           |     3 |       |       ||     3
       Broad axe         |    17 |       |       ||    17
       Dagger            |    37 |   107 |   211 ||   355
       Staff             |       |     7 |     2 ||     9
       Punch             |       |       |     2 ||     2
 Cast: Sting             |    11 |    11 |    45 ||    67
       Poisonous Vapours |    16 |     4 |    77 ||    97
       Ignite Poison     |       |     1 |    10 ||    11
       Olgreb's Toxic Ra |       |     1 |     6 ||     7
 Abil: Spit Poison       |     8 |     9 |     5 ||    22
Evoke: Wand              |       |       |     4 ||     4
  Use: Scroll            |       |     6 |       ||     6
 Stab: Sleeping          |     5 |     3 |       ||     8
       Distracted        |     1 |       |       ||     1
Armor: Robe              |    18 |    33 |    53 ||   104
Dodge: Dodged            |    34 |    71 |   160 ||   265

Table legend: (Time is in decaauts)
 A = Elapsed time spent in this place.
 B = Non-inter-level travel time spent in this place.
 C = Inter-level travel time spent in this place.
 D = Time resting spent in this place.
 E = Time spent auto-exploring this place.
 F = Levels seen in this place.
 G = Mean time per level.
                   A        B        C        D        E       F      G
               +--------+--------+--------+--------+--------+-----+--------+
         Total |  10867 |  10476 |    391 |    944 |   8010 |   9 | 1207.4 |
       Dungeon |  10681 |  10304 |    377 |    944 |   7863 |   8 | 1335.1 |
        Temple |    186 |    172 |     14 |      0 |    147 |   1 |  186.0 |
               +--------+--------+--------+--------+--------+-----+--------+

Top non-repeatable levels by time:
     D:5: 2132 daAuts
     D:4: 1823 daAuts
     D:7: 1710 daAuts
     D:1: 1659 daAuts
     D:6: 1519 daAuts
     D:2: 1001 daAuts
     D:3: 829 daAuts
  Temple: 186 daAuts
     D:8: 5 daAuts
